 Dungeon Crawl Stone Soup version 0.31-a0-521-gc7390f8997 (webtiles) character file.

Game seed: 13585806315056870677

5195 Irreverend the Grappler (level 10, -24/86 HPs)
             Began as a Red Draconian Shapeshifter on Aug 10, 2023.
             Was an Initiate of Gozag.
             Annihilated by a shadow (31 damage)
             ... on level 7 of the Dungeon.
             The game lasted 00:21:51 (7810 turns).

Irreverend the Grappler (DrSh)                      Turns: 7810, Time: 00:21:52

Health: -24/86     AC: 13    Str: 21    XL:     10   Next: 34%
Magic:  10/10      EV: 14    Int:  8    God:    Gozag
Gold:   980        SH:  0    Dex: 13    Spells: 9/9 levels left

rFire   + . .        n - melded +0 hand axe (flame)
rCold   + . .        (shield currently unavailable)
rNeg    . . .        (body armour unavailable)
rPois   .            (helmet restricted)
rElec   .            m - +0 cloak
rCorr   .            f - +0 pair of gloves
SInv    .            (no boots)
Will    .....        u - amulet of the acrobat
Stlth   +            A - +4 ring of protection
HPRegen 0.34/turn    j - ring of protection from cold
MPRegen 0.12/turn

%: acrobat
@: flux-form, attractive, glowing, invisible (but backlit and visible)
A: glow, contaminating, breathe fire, AC +7, unfitting armour, fire resistance
1, cold-blooded
a: Breathe Fire, Begin Untransformation, Renounce Religion, Potion Petition,
Call Merchant, Bribe Branch


You were on level 7 of the Dungeon.
You worshipped Gozag.
Gozag was pleased with you.
You were something dangerously unstable.
You visited 2 branches of the dungeon, and saw 8 of its levels.

You collected 1052 gold pieces.
You paid 72 gold pieces to Gozag.

Inventory:

Hand Weapons
 n - a +0 hand axe of flaming (melded)
 B - a +3 short sword
Missiles
 D - 3 throwing nets
Armour
 f - a +0 pair of gloves (worn)
 m - a +0 cloak (worn)
 C - the +0 robe of Moral Flaws {rC+ Will+ Slay+2 Stlth+}
   (You found it on level 4 of the Dungeon)

   Slay+2:    It affects your accuracy & damage with ranged weapons and melee
   (+2).
   rC+:       It protects you from cold.
   Will+:     It increases your willpower.
   Stlth+:    It makes you more stealthy.
Jewellery
 e - a ring of resist corrosion
 j - a ring of protection from cold (right hand)
 p - an amulet of guardian spirit
 u - an amulet of the acrobat (around neck)
 A - a +4 ring of protection (left hand)
Talismans
 b - a beast talisman
 c - a flux talisman (active)
Wands
 s - a wand of light (3)
 v - a wand of digging (7)
 F - a wand of mindburst (7)
 H - a wand of polymorph (11)
Scrolls
 g - 6 scrolls of identify {unknown}
 i - 4 scrolls of teleportation {unknown}
 k - a scroll of enchant weapon {unknown}
 l - 2 scrolls of enchant armour {unknown}
 t - 2 scrolls of vulnerability {unknown}
 w - 2 scrolls of torment {unknown}
 x - 2 scrolls of immolation {unknown}
 y - a scroll of blinking {unknown}
 E - 2 scrolls of noise {unknown}
 I - a scroll of fear {unknown}
Potions
 a - 3 potions of lignification
 d - a potion of invisibility
 h - a potion of curing
 o - a potion of attraction
 q - a potion of might {unknown}
 r - a potion of enlightenment {unknown}
 z - a potion of haste {unknown}
 G - a potion of heal wounds {unknown}


   Skills:
 + Level 7.6 Fighting
 + Level 6.5 Dodging
 * Level 10.2 Unarmed Combat
 + Level 6.5 Shapeshifting


You had 9 spell levels left.
You didn't know any spells.
Your spell library contained the following spells:

 Spells                   Type           Power      Damage    Failure   Level
 Apportation              Tloc           0%         N/A       41%         1
 Necrotise                Necr           0%         1d4       41%         1
 Sting                    Tmut/Pois      0%         1d3       41%         1
 Summon Small Mammal      Summ           0%         N/A       41%         1
 Cigotuvi's Dreadful Rot  Necr/Pois/Air  0%         N/A       54%         2
 Poisonous Vapours        Pois/Air       0%         N/A       54%         2
 Call Canine Familiar     Summ           0%         N/A       78%         3
 Stone Arrow              Conj/Erth      0%         3d7       78%         3
 Summon Guardian Golem    Hex/Summ       0%         N/A       78%         3
 Dispel Undead            Necr           0%         3d6       99%         4
 Olgreb's Toxic Radiance  Pois           0%         N/A       99%         4
 Death Channel            Necr           0%         N/A       100%        6
 Lehudib's Crystal Spear  Conj/Erth      0%         10d2      100%        8
 Animate Armour           Summ/Erth      Unusable   N/A       N/A         4

Dungeon Overview and Level Annotations

Branches:
Dungeon (7/15)             Temple (1/1) D:5

Altars:
Ashenzari
Dithmenos
Elyvilon
Fedhas
Gozag
Hepliaklqana
Kikubaaqudgha
Makhleb
Nemelex Xobeh
Okawaru
Qazlal
Ru
Sif Muna
Trog
Uskayaw
Vehumet
Wu Jian
Xom
Zin
The Shining One

Shops:
D:6 *

Annotations:
Temple 2 transporters


Innate Abilities, Weirdness & Mutations

You are something dangerously unstable.
You glow with magical radiation, making you easy to see and hit.
Foes you strike become dangerously contaminated with magical radiation.
You are incapable of wielding weapons or throwing items.
You can breathe blasts of fire.
Your fiery red scales are hard. (AC +7)
You cannot fit into any form of body armour.
Your flesh is heat resistant. (rF+)
You are cold-blooded and may be slowed by cold attacks.


Message History

The gargoyle is almost destroyed.
The gargoyle hits you with a +0 morningstar!
* * * LOW HITPOINT WARNING * * *
You hit the gargoyle.
You destroy the gargoyle!
It was a potion of curing.
You feel better.
The wraith is no longer distracted by gold.
You hit the wraith.
The wraith begins to glow.
You tail-slap the wraith, but do no damage.
The wraith is lightly damaged.
The wraith is distracted by your dazzling golden aura.
You hit the wraith but do no damage.
The wraith glows dangerously bright.
The wraith is no longer distracted by gold.
The wraith is lightly damaged.
A shadow appears from thin air!
Reactivating autopickup.
The wraith hits you!
* * * LOW HITPOINT WARNING * * *
You feel better. The wraith hits you!
* * * LOW HITPOINT WARNING * * *
The wraith attacks as you move away! The wraith completely misses you.
Things that are here:
a +0 mace of protection; a +0 leather armour The shadow attacks as you move away!
The shadow barely misses you. The shadow attacks as you move away!
The shadow hits you. The shadow attacks as you move away! The shadow hits you.
* * * LOW HITPOINT WARNING * * *
The shadow attacks as you move away! The shadow hits you.
* * * LOW HITPOINT WARNING * * *
You see here a +0 scale mail.
The shadow slips into darkness.
The shadow flickers and vanishes!
Deactivating autopickup; reactivate with Ctrl-A.
It was a potion of invisibility.
You become transparent, but the glow from your form prevents you from becoming completely invisible.
It was a potion of attraction.
You feel attractive to monsters.
The shadow strikes at you from the darkness!
You die...
Your body crumbles into a pile of gold.

........##..####...# ######
#######.##.........## ##.....
........#..###.###..## ##..###.
..###..#..##.....##..#####..##...
.........##[......##.......##..##
.####.#.#####......####.####...#(
.....<#.#_..####....# #...#....#.
.####.))#.#.##.###..###...##...#.
## ###...#..#⌠.B{.....[#..##..#.
#.#....).###.W#..##.#.##...
#.#..#####....#.....#..##..
#.#####......####.####..##.
..###..##[....W.###.....###..##
.........##..W..###.#####.###...
...###....###)####. $ .####. #
##.#.#.##..#.# .=. .# #.
#...##.W#.#.#...). $ # .#


You could see a wraith.

Vanquished Creatures
  A two-headed ogre (D:7)
  A gargoyle (D:7)
  An unseen horror (D:7)
  A kobold demonologist (D:7)
  Prince Ribbit (D:5)
  A basilisk (D:7)
  A vampire mosquito (D:7)
  Edmund (D:5)
  3 black bears
  3 ice beasts
  4 sky beasts
  An ogre (D:6)
  3 phantoms
  2 centaurs
  5 bullfrogs
  A gnoll sergeant (D:5)
  A scorpion (D:6)
  2 wights
  2 howler monkeys (D:5)
  6 hounds (D:5)
  3 jellies
  4 orc priests
  3 gnoll boudas (D:5)
  4 iguanas
  2 sleepcaps (D:6)
  5 orc wizards
  29 gnolls
  7 adders
  A shadow imp (D:6)
  4 worms
  3 dart slugs
  28 orcs
  8 endoplasms
  A giant cockroach (D:3)
  7 goblins
  8 hobgoblins
  13 jackals (D:5)
  3 kobolds
  A quokka (D:2)
  10 ball pythons
  4 bats
  3 frilled lizards
  4 rats
196 creatures vanquished.

Notes
Turn   | Place    | Note
-------+----------+-------------------------------------------
     0 | D:1      | Irreverend the Draconian Shapeshifter began the quest for
                  | the Orb.
     0 | D:1      | Reached XP level 1. HP: 16/16 MP: 1/1
   186 | D:1      | Reached XP level 2. HP: 23/23 MP: 2/2
   953 | D:2      | Reached XP level 3. HP: 21/29 MP: 3/3
  1400 | D:3      | Found a faded altar of an unknown god.
  1587 | D:3      | Reached XP level 4. HP: 19/36 MP: 4/4
  2190 | D:4      | Noticed a black bear
  2271 | D:4      | Reached skill level 4 in Unarmed Combat
  2708 | D:4      | Killed a black bear
  2709 | D:4      | Reached XP level 5. HP: 44/44 MP: 5/5
  3040 | D:4      | Reached XP level 6. HP: 16/51 MP: 6/6
  3274 | D:4      | Found a shimmering altar of Xom.
  3278 | D:4      | Noticed a sky beast
  3282 | D:4      | Killed a sky beast
  3283 | D:4      | Reached skill level 5 in Unarmed Combat
  3534 | D:4      | Identified the +0 robe of Moral Flaws {rC+ Will+ Slay+2
                  | Stlth+}
  3562 | D:4      | Found a radiant altar of Vehumet.
  3753 | D:5      | Entered Level 5 of the Dungeon
  3771 | D:5      | Your scales start taking on a fiery red colour.
  3771 | D:5      | Reached XP level 7. HP: 56/57 MP: 7/7
  3771 | D:5      | Gained mutation: Your flesh is heat resistant. (rF+) [Red
                  | Draconian growth]
  4017 | D:5      | Reached skill level 6 in Unarmed Combat
  4035 | D:5      | Found a staircase to the Ecumenical Temple.
  4040 | Temple   | Found a transporter.
  4040 | Temple   | Found a transporter.
  4040 | Temple   | Found a transporter.
  4040 | Temple   | Found a transporter.
  4040 | Temple   | Entered the Ecumenical Temple
  4060 | Temple   | Became a worshipper of Gozag Ym Sagoz the Greedy
  4441 | D:5      | Noticed Edmund
  4455 | D:5      | Killed Edmund
  4493 | D:5      | Reached XP level 8. HP: 51/67 MP: 5/8
  4886 | D:5      | Noticed Prince Ribbit
  4894 | D:5      | Killed Prince Ribbit
  4895 | D:5      | Reached skill level 5 in Fighting
  4895 | D:5      | Reached skill level 7 in Unarmed Combat
  5236 | D:5      | Reached skill level 5 in Shapeshifting
  6029 | D:6      | Reached skill level 5 in Dodging
  6171 | D:6      | Found Tysipn's Assorted Antiques.
  6247 | D:6      | Identified the +0 trident of Fate {flame, rPois}
  6266 | D:6      | Reached skill level 8 in Unarmed Combat
  6317 | D:6      | Reached XP level 9. HP: 56/75 MP: 9/9
  7229 | D:7      | Noticed a kobold demonologist
  7254 | D:7      | Killed a kobold demonologist
  7255 | D:7      | Reached skill level 9 in Unarmed Combat
  7354 | D:7      | Found a stormy altar of Qazlal.
  7556 | D:7      | Noticed an unseen horror
  7569 | D:7      | Killed an unseen horror
  7570 | D:7      | Reached XP level 10. HP: 83/86 MP: 10/10
  7757 | D:7      | Noticed a two-headed ogre
  7757 | D:7      | Noticed a gargoyle
  7757 | D:7      | Noticed a cyclops
  7785 | D:7      | Killed a two-headed ogre
  7786 | D:7      | Reached skill level 10 in Unarmed Combat
  7793 | D:7      | Killed a gargoyle
  7810 | D:7      | Annihilated by a shadow

Illustrated notes

Levels and vault maps discovered:
D:1:      lightli_arrival_statue_moat, layout_loops_ring
D:2:      layout_rooms, corexii_hall_statues_t
D:3:      minmay_spotlight, layout_basic, shapermc_ecumenical_altar_ellora
D:4:      layout_loops_cross, marbit_many_paths, brannock_xom_greatest_gift,
          grunt_ministairs_7, minmay_misc_feat_cross
D:5:      lemuel_castle_with_subvaults [lemuel_castle_interior_carwin_2],
          layout_basic, minmay_temple_entry_butterflies, uniq_prince_ribbit1,
          uniq_edmund
D:6:      layout_loops_ring, serial_shops, nicolae_shop_trees
D:7:      minmay_the_grid_octo_tiled_octocenter [minmay_the_grid_octo_77,
          minmay_the_grid_octo_vomiting_pacman, minmay_the_grid_octo_shrine,
          minmay_the_grid_octo_pinwheel, minmay_the_grid_octo_prize_big_c,
          minmay_the_grid_square_5x5_inset, minmay_the_grid_square_5x5_corner,
          minmay_the_grid_square_5x5_moneybag,
          minmay_the_grid_square_5x5_seven], layout_basic, lightli_minifort
Temple:   hellmonk_temple_divided_pantheon

Skill      XL: |  1  2  3  4  5  6  7  8  9 10 |
---------------+-------------------------------+-----
Dodging        | 2 3 4 5 6 |  6.5
Fighting       | 2 3 4 5 7 |  7.6
Unarmed Combat | 4 5 6 8 9 10 | 10.2
Shapeshifting  | 4 5 6 |  6.5

Action                     |  1- 3 |  4- 6 |  7- 9 | 10-12 || total
---------------------------+-------+-------+-------+-------++-------
  Melee: Unarmed           |    72 |       |    84 |    43 ||   199
         Tailslap          |     6 |    14 |    52 |     8 ||    80
         Punch             |     2 |     4 |    20 |       ||    26
         Hand axe          |    23 |   112 |   280 |       ||   415
Ability: Breathe Fire      |       |       |    22 |       ||    22
  Evoke: Wand              |       |     1 |       |       ||     1
    Use: Potion            |       |     1 |       |     4 ||     5
   Stab: Sleeping          |       |     2 |       |       ||     2
         Distracted        |       |       |     2 |       ||     2
 Armour: Skin              |    29 |    58 |   134 |    15 ||   236
  Dodge: Dodged            |    60 |    72 |   325 |    18 ||   475
   Form: Flux              |       |       |     1 |       ||     1

Table legend: (Time is in decaauts)
 A = Elapsed time spent in this place.
 B = Non-inter-level travel time spent in this place.
 C = Inter-level travel time spent in this place.
 D = Time resting spent in this place.
 E = Time spent auto-exploring this place.
 F = Levels seen in this place.
 G = Mean time per level.
                   A        B        C        D        E       F      G
               +--------+--------+--------+--------+--------+-----+--------+
         Total |   7920 |   6985 |    935 |   1093 |   3962 |   8 |  990.0 |
       Dungeon |   7884 |   6981 |    903 |   1093 |   3962 |   7 | 1126.3 |
        Temple |     36 |      4 |     32 |      0 |      0 |   1 |   36.0 |
               +--------+--------+--------+--------+--------+-----+--------+

Top non-repeatable levels by time:
     D:5: 2222 daAuts
     D:4: 1393 daAuts
     D:6: 1310 daAuts
     D:3: 1044 daAuts
     D:1: 853 daAuts
     D:7: 564 daAuts
     D:2: 495 daAuts
  Temple: 36 daAuts
